 Dungeon Crawl Stone Soup version 0.30.0-29-ga12c61a403 (webtiles) character file.

Game seed: 15368131483502105368

11354 Graphine the Cleaver (level 11, -4/103 HPs)
             Began as a Hill Orc Fighter on June 24, 2023.
             Was an Elder of Makhleb.
             Killed from afar by a swamp worm (15 damage)
             ... with a harpoon shot
             ... on level 1 of the Lair of Beasts.
             The game lasted 00:24:43 (9092 turns).

Graphine the Cleaver (Hill Orc Fighter)             Turns: 9092, Time: 00:24:46

Health: -4/103     AC: 19    Str: 27    XL:     11   Next: 76%
Magic:  28/28      EV:  8    Int:  7    God:    Makhleb [****..]
Gold:   377        SH:  6    Dex: 14    Spells: 10/10 levels left

rFire   + + .        a - +4 war axe
rCold   . . .        c - +0 buckler
rNeg    . . .        D - +4 chain mail {rF+}
rPois   .            (helmet restricted)
rElec   .            g - +2 cloak of Saasch {MP+9 Str+4 SInv}
rCorr   .            L - +0 pair of gloves
SInv    +            (no boots)
Will    .....        J - amulet of regeneration Stlth
                     y - ring of protection from fire
HPRegen 1.17/turn    F - ring of flight
MPRegen 0.21/turn

%: no passive effects
@: mighty, flying
A: horns 1, agile 1
a: Renounce Religion, Minor Destruction, Lesser Servant of Makhleb, Major
Destruction


You were on level 1 of the Lair of Beasts.
You worshipped Makhleb.
Makhleb was greatly pleased with you.
You visited 2 branches of the dungeon, and saw 11 of its levels.

You collected 699 gold pieces.
You spent 322 gold pieces at shops.

Inventory:

Hand Weapons
 a - a +4 war axe (weapon)
 l - a +1 hand axe of freezing
 o - a +2 dagger of draining
 C - the +6 shortbow "Diesiun" {freeze, rF+ Will+ Str+3 Int+3}
   (You found it on level 6 of the Dungeon)

   Str:       It affects your strength (+3).
   Int:       It affects your intelligence (+3).
   rF:        It protects you from fire.
   Will:      It increases your willpower.
 H - the +8 sling of the Beloved God {heavy, rF+ Int+4 Dex+2}
   (You found it on level 7 of the Dungeon)

   Int:       It affects your intelligence (+4).
   Dex:       It affects your dexterity (+2).
   rF:        It protects you from fire.
Missiles
 p - 2 javelins
 t - 6 atropa-tipped darts
 v - 4 curare-tipped darts
 w - 7 throwing nets
 N - 5 datura-tipped darts
Armour
 c - a +0 buckler (worn)
 g - the +2 cloak of Saasch (worn) {MP+9 Str+4 SInv}
   (You found it on level 4 of the Dungeon)

   Str:       It affects your strength (+4).
   MP:        It affects your magic capacity (+9).
   SInv:      It lets you see invisible.
 D - a +4 chain mail of fire resistance (worn)
 L - a +0 pair of gloves (worn)
Magical Staves
 E - a staff of fire
Jewellery
 y - a ring of protection from fire (left hand)
 F - a ring of flight (right hand)
 J - an amulet of regeneration (around neck)
Wands
 i - a wand of iceblast (6)
 m - a wand of flame (6)
 r - a wand of mindburst (4)
 G - a wand of polymorph (7)
 P - a wand of paralysis (1)
Scrolls
 e - 4 scrolls of teleportation
 q - a scroll of fear
 x - 2 scrolls of immolation
 K - a scroll of butterflies
 M - 2 scrolls of identify
 O - a scroll of poison
Potions
 b - a potion of cancellation {unknown}
 d - a potion of might
 f - 7 potions of curing
 h - 4 potions of flight
 j - a potion of magic
 k - 2 potions of haste
 n - 2 potions of ambrosia
 s - a potion of heal wounds
 u - a potion of attraction {unknown}
 z - a potion of invisibility {unknown}
 A - a potion of lignification {unknown}
 B - 2 potions of berserk rage {unknown}
 I - 2 potions of brilliance {unknown}


   Skills:
 * Level 11.6 Fighting
 * Level 12.3 Axes
 + Level 7.8 Armour
 + Level 7.7 Shields
 * Level 11.9 Invocations


You had 10 spell levels left.
You didn't know any spells.
Your spell library contained the following spells:

 Spells                   Type           Power      Damage    Failure   Level
 Summon Small Mammal      Summ           0%         N/A       91%         1
 Call Canine Familiar     Summ           0%         N/A       100%        3
 Dazzling Flash           Conj/Hex       0%         N/A       100%        3
 Inner Flame              Hex/Fire       0%         N/A       100%        3
 Summon Guardian Golem    Hex/Summ       0%         N/A       100%        3
 Volatile Blastmotes      Fire/Tloc      0%         2d10      100%        3
 Flame Wave               Conj/Fire      0%         2d4       100%        4
 Iskenderun's Mystic Bla  Conj/Tloc      0%         2d3       100%        4
 Sticky Flame             Conj/Fire      0%         2d3       100%        4
 Blade Hands              Tmut           0%         N/A       100%        5
 Irradiate                Conj/Tmut      0%         3d11      100%        5
 Starburst                Conj/Fire      0%         6d3       100%        6
 Dragon Form              Tmut           0%         N/A       100%        7


Dungeon Overview and Level Annotations

Branches:
Dungeon (10/15)            Temple (0/1) D:6            Lair (1/5) D:10
    Orc: D:9-12

Altars:
Ashenzari
Dithmenos
Gozag
Hepliaklqana
Makhleb
Okawaru
Ru
Trog
Uskayaw

Shops:
D:3 :   D:6 [   D:7 [[=

Annotations:
D:8 2 transporters
Lair:1 1 transporter


Innate Abilities, Weirdness & Mutations

You have a pair of small horns on your head.
You are agile. (Dex +4, Str/Int -1)


Message History

You collide with the briar patch!
The briar patch is heavily damaged.
Okay, then.
You feel much better. The swamp worm closely misses you.
The swamp worm bites you! You block the swamp worm's attack.
You feel very mighty all of a sudden. You block the swamp worm's attack.
The swamp worm fires a harpoon shot at you.
The harpoon shot hits you.
* * * LOW HITPOINT WARNING * * *
You are yanked forward by the harpoon shot.
You collide with the briar patch!
The briar patch is severely damaged.
The swamp worm barely misses you. The swamp worm closely misses you.
Cleave: a) +4 war axe
Press: ? - help, Dir - move target, f - swamp worm, p - swamp worm
Aim: a swamp worm (lightly wounded, about 34% to evade your +4 war axe)
You slice the swamp worm!! Your headbutt misses the swamp worm.
The swamp worm is severely wounded.
You slash the briar patch! You hit the briar patch.
You barely miss the swamp worm. You completely miss the briar patch.
The swamp worm fires a harpoon shot at you.
The harpoon shot hits you!
* * * LOW HITPOINT WARNING * * *
You are yanked forward by the harpoon shot.
You collide with the briar patch!
The briar patch is destroyed!
* * * LOW HITPOINT WARNING * * *
The swamp worm bites you!
* * * LOW HITPOINT WARNING * * *
The swamp worm barely misses you.
Unknown command.
You feel much better.
The swamp worm fires a harpoon shot at you.
The harpoon shot hits you!
* * * LOW HITPOINT WARNING * * *
You are yanked forward by the harpoon shot.
The swamp worm fires a harpoon shot at you.
The harpoon shot hits you!
You die...

....# ###....####..........#
....# ##.................#
....# ##.#########.>.....#
....# ##..#♣#w#w#w#.......#
....### #..##≈§≈#§≈§####....#
...÷#.####.#PPPP§P.P#["#....#
..........©#©^^^^^^§+)©#©####
# #..........#P.PPP☼PP#?[#..#
# ##.........##≈≈≈@#≈≈####.##
# ##.........##w#w#w##....# #
#..........#########...## #
##...................)##### #
#P###................###.## #
### ########..............# #
#...............# #
##..............# # ### #####
#..............# #


You could see 6 swamp worms.

Vanquished Creatures
  A catoblepas (Lair:1)
  A boulder beetle (D:10)
  2 two-headed ogres (D:10)
  Pikel (D:4)
  A cyclops (D:7)
  Joseph (Lair:1)
  3 cane toads (Lair:1)
  A kobold demonologist (D:10)
  2 komodo dragons (Lair:1)
  2 shadows
  A vampire (D:9)
  2 wyverns (D:10)
  5 yaks (D:10)
  A steam dragon (D:9)
  A basilisk (D:10)
  6 water moccasins
  Duvessa (D:5)
  2 ice beasts
  2 orc warriors
  A black bear (Lair:1)
  An ogre (D:5)
  3 wolves (Lair:1)
  A centaur (D:7)
  2 phantoms
  9 bullfrogs
  5 kobold brigands
  2 gnoll sergeants
  2 scorpions
  Dowan (D:5)
  3 howler monkeys
  2 jellies
  3 gnoll boudas
  8 orc priests
  Crazy Yiuf (D:3)
  4 hounds
  2 sleepcaps (D:5)
  9 orc wizards
  Ijyb (D:3)
  2 iguanas
  Robin (D:2)
  21 gnolls
  9 adders
  A shadow imp (D:8)
  3 white imps
  4 ufetubi
  2 worms (D:4)
  2 dart slugs
  42 orcs
  7 bats
  7 endoplasms
  6 giant cockroaches
  17 goblins
  11 hobgoblins
  2 quokkas
  8 ball pythons
  3 frilled lizards
  35 kobolds
  6 rats
285 creatures vanquished.

Notes
Turn   | Place    | Note
-------+----------+-------------------------------------------
     0 | D:1      | Graphine the Hill Orc Fighter began the quest for the Orb.
     0 | D:1      | Reached XP level 1. HP: 19/19 MP: 1/1
   254 | D:1      | Reached skill level 3 in Axes
   254 | D:1      | Reached skill level 1 in Invocations
   254 | D:1      | Reached XP level 2. HP: 27/27 MP: 2/2
   983 | D:2      | Reached XP level 3. HP: 30/33 MP: 4/4
  1239 | D:2      | Noticed Robin
  1257 | D:2      | Reached XP level 4. HP: 24/40 MP: 5/5
  1257 | D:2      | Killed Robin
  1365 | D:2      | Reached skill level 4 in Axes
  2118 | D:3      | Found a shadowy altar of Dithmenos.
  2191 | D:3      | Noticed Ijyb
  2227 | D:3      | Killed Ijyb
  2228 | D:3      | Reached XP level 5. HP: 29/47 MP: 5/7
  2365 | D:3      | Found Kul Upex's Book Shoppe.
  2415 | D:3      | Noticed a phantom
  2439 | D:3      | Killed a phantom
  2540 | D:3      | Found a sacrificial altar of Ru.
  2626 | D:3      | Found a faded altar of an unknown god.
  2711 | D:3      | Found a runed translucent door.
  2712 | D:3      | Noticed Crazy Yiuf
  2720 | D:3      | Killed Crazy Yiuf
  2721 | D:3      | Reached XP level 6. HP: 49/55 MP: 8/8
  3271 | D:4      | Reached skill level 5 in Fighting
  3279 | D:4      | Reached skill level 5 in Axes
  3286 | D:4      | Identified the +2 cloak of Saasch {MP+9 Str+4 SInv}
  3457 | D:4      | Noticed Pikel
  3477 | D:4      | Killed Pikel
  3478 | D:4      | Reached skill level 6 in Axes
  3478 | D:4      | Reached skill level 5 in Invocations
  3478 | D:4      | Reached XP level 7. HP: 32/63 MP: 11/11
  3478 | D:4      | Reached XP level 8. HP: 35/70 MP: 12/12
  3920 | D:4      | Gained mutation: You are agile. (Dex +4, Str/Int -1)
                  | [potion of mutation]
  3920 | D:4      | Gained mutation: You sometimes lose your temper in combat.
                  | [potion of mutation]
  3920 | D:4      | Gained mutation: You are very agile. (Dex +8, Str/Int -2)
                  | [potion of mutation]
  3921 | D:4      | Lost mutation: You sometimes lose your temper in combat.
                  | [potion of mutation]
  3921 | D:4      | Lost mutation: You are very agile. (Dex +8, Str/Int -2)
                  | [potion of mutation]
  3921 | D:4      | Gained mutation: You have a pair of small horns on your
                  | head. [potion of mutation]
  3923 | D:5      | Entered Level 5 of the Dungeon
  4210 | D:5      | Reached skill level 7 in Axes
  4284 | D:5      | Reached skill level 5 in Shields
  4294 | D:5      | Reached skill level 5 in Armour
  4421 | D:5      | Found a hide-covered altar of Uskayaw.
  4422 | D:5      | Found a burning altar of Makhleb.
  4422 | D:5      | Found an opulent altar of Gozag.
  4430 | D:5      | Became a worshipper of Makhleb the Destroyer
  4464 | D:5      | Noticed Dowan
  4465 | D:5      | Noticed Duvessa
  4474 | D:5      | Killed Duvessa
  4480 | D:5      | Killed Dowan
  4596 | D:6      | Noticed a shadow
  4603 | D:6      | Killed a shadow
  4604 | D:6      | Reached XP level 9. HP: 58/79 MP: 14/14
  4686 | D:6      | Reached skill level 8 in Axes
  4771 | D:6      | Identified the +6 shortbow "Diesiun" {freeze, rF+ Will+
                  | Str+3 Int+3}
  4819 | D:6      | Found Domeoria's Armour Shop.
  4827 | D:6      | Bought a +2 chain mail of fire resistance for 322 gold
                  | pieces
  5326 | D:6      | Found a staircase to the Ecumenical Temple.
  5352 | D:7      | Found Kichemp's Armour Shop.
  5352 | D:7      | Found Nur Ceni's Armour Shop.
  5352 | D:7      | Found Soatoxic's Jewellery Shop.
  5373 | D:7      | Reached * piety under Makhleb
  5491 | D:7      | Found a bloodstained altar of Trog.
  5564 | D:7      | Noticed a cyclops
  5572 | D:7      | Killed a cyclops
  5717 | D:7      | Reached skill level 9 in Axes
  5751 | D:7      | Identified the +8 sling of the Beloved God {heavy, rF+
                  | Int+4 Dex+2}
  6279 | D:7      | Found a hazy altar of Hepliaklqana.
  6520 | D:8      | Noticed a centaur warrior
  6522 | D:8      | Found a transporter.
  6522 | D:8      | Noticed a manticore
  6548 | D:8      | Reached XP level 10. HP: 91/91 MP: 16/16
  6561 | D:8      | Found a broken altar of Ashenzari.
  6563 | D:8      | Found an iron altar of Okawaru.
  6569 | D:8      | Found a transporter.
  6619 | D:8      | Reached ** piety under Makhleb
  7084 | D:9      | Reached skill level 10 in Axes
  7535 | D:10     | Entered Level 10 of the Dungeon
  7564 | D:10     | Noticed a two-headed ogre
  7571 | D:10     | Killed a two-headed ogre
  7571 | D:10     | Reached *** piety under Makhleb
  7572 | D:10     | Reached skill level 10 in Fighting
  7572 | D:10     | Reached skill level 10 in Invocations
  7607 | D:10     | Noticed a two-headed ogre
  7655 | D:10     | Killed a two-headed ogre
  7656 | D:10     | Reached skill level 11 in Axes
  7656 | D:10     | Reached XP level 11. HP: 77/101 MP: 18/18
  7681 | D:10     | Found a staircase to the Lair.
  7723 | D:10     | Noticed a soul eater
  7739 | D:10     | Noticed a boulder beetle
  7772 | D:10     | Killed a boulder beetle
  8164 | Lair:1   | Entered Level 1 of the Lair of Beasts
  8493 | Lair:1   | Reached **** piety under Makhleb
  8499 | Lair:1   | Reached skill level 12 in Axes
  8525 | Lair:1   | Noticed Joseph
  8538 | Lair:1   | Killed Joseph
  8601 | Lair:1   | Found a transporter.
  8634 | Lair:1   | Found a transporter.
  8748 | Lair:1   | Noticed a catoblepas
  8779 | Lair:1   | Killed a catoblepas
  9091 | Lair:1   | HP: 1/103 [swamp worm (9)]
  9092 | Lair:1   | Killed from afar by a swamp worm

Illustrated notes

Levels and vault maps discovered:
D:1:      lightli_arrival_noodles, layout_basic, serial_park_tiny_pond,
          amcnicky_mini_pool_small, minmay_tromino_v4_b
D:2:      layout_loops_ring, uniq_robin
D:3:      layout_loops_ring, lemuel_coloured_pillars_altar,
          amcnicky_altar_gilded, serial_shops, shop, basic_ecumenical_altar,
          serial_rivers, chequers_serial_rivers_room_a,
          chequers_serial_rivers_micro_c, chequers_serial_rivers_micro_a,
          chequers_serial_rivers_large_a, chequers_serial_rivers_small_a,
          chequers_serial_rivers_room_b, corexii_corridor_pit,
          uniq_crazy_yiuf_cottage, uniq_ijyb
D:4:      layout_cave_pools, uniq_pikel
D:5:      layout_rooms, chequers_temple_overflow_statue_of_worship, uniq_duvessa
D:6:      layout_loops_cross, minmay_temple_entry_poolview, serial_shops,
          nicolae_stop_n_shop_1
D:7:      layout_loops_ring, nzn_hepliaklqana_mist_gate,
          mainiacjoe_overflow_catwalk, nicolae_shop_distant_corner_stores
D:8:      layout_rooms, gammafunk_temple_overflow_arena
D:9:      layout_basic
D:10:     layout_rooms, minmay_lair_entry_grove
Lair:1:   gammafunk_worm_tunnel, layout_small_grid, infiniplex_staircase_pool_2,
          uniq_joseph

Skill      XL: |  1  2  3  4  5  6  7  8  9 10 11 |
---------------+----------------------------------+-----
Axes           | 3 4 6 7 9 11 12 | 12.3
Invocations    | 1 2 3 5 7 9 10 11 | 11.9
Fighting       | 4 6 7 9 10 11 | 11.6
Shields        | 4 5 6 7 |  7.7
Armour         | 4 5 6 7 |  7.8

Action                     |  1- 3 |  4- 6 |  7- 9 | 10-12 || total
---------------------------+-------+-------+-------+-------++-------
  Melee: War axe           |    76 |   139 |   222 |   179 ||   616
         Hand axe          |       |    39 |       |       ||    39
         Headbutt          |       |       |    38 |    51 ||    89
  Throw: Javelin           |     5 |    10 |    10 |     4 ||    29
         Dart              |       |       |     6 |       ||     6
 Invoke: Minor Destruction |       |       |       |   166 ||   166
    Use: Scroll            |       |    10 |    10 |     3 ||    23
         Potion            |       |       |     3 |     3 ||     6
 Armour: Scale mail        |    41 |    78 |    47 |       ||   166
         Chain mail        |       |       |    68 |   121 ||   189
  Dodge: Dodged            |    35 |    88 |    67 |    69 ||   259
  Block: Buckler           |    27 |    34 |    43 |    63 ||   167
